 Dungeon Crawl Stone Soup version 0.20.0-10-g0535bb4 (webtiles) character file.

5 Manul the Skirmisher (level 1, 0/16 HPs)
             Began as an Octopode Abyssal Knight on June 4, 2017.
             Was a Follower of Lugonu.
             Incinerated by a smoke demon (5 damage)
             ... with a sticky flame
             ... on level 2 of the Abyss.
             The game lasted 00:00:28 (145 turns).

Manul the Skirmisher (Octopode Abyssal Knight)       Turns: 145, Time: 00:00:28

Health: 0/16       AC:  1    Str: 13    XL:     1   Next: 80%
Magic:  2/2        EV: 13    Int: 14    God:    Lugonu [*.....]
Gold:   0          SH:  0    Dex: 11    Spells: 0/0 levels left

rFire    . . .     SeeInvis .   d - +1 glaive of Valour {drain, *Drain MR+ Str+2}
rCold    . . .     Gourm    .   (shield currently unavailable)
rNeg     . . .     Faith    .   (helmet restricted)
rPois    .         Spirit   .   (no amulet)
rElec    .         Reflect  .   (no ring)
rCorr    .         Harm     .   (no ring)
MR       +....                  (no ring)
Stlth    +.........             (no ring)
Regen    0.1/turn               (no ring)
MPRegen  0.1/turn               (no ring)
                                (no ring)
                                (no ring)

@: liquid flames, glowing
A: almost no armour, stealthy swim, amphibious, 8 rings, constrict 8, camouflage
1, gelatinous body 1
a: Depart the Abyss, Renounce Religion


You were on level 2 of the Abyss.
You worshipped Lugonu.
Lugonu was aware of your devotion.
You were not hungry.

You visited 0 branches of the dungeon, and saw 0 of its levels.
You visited the Abyss 1 time.

Inventory:

Hand Weapons
 a - a +1 short sword
 d - the +1 glaive of Valour (weapon) {drain, *Drain MR+ Str+2}
   (You found it on level 2 of the Abyss)

   A truly terrible weapon, it drains the life of those it strikes.
   It affects your strength (+2).
   It affects your resistance to hostile enchantments.
   It causes draining when unequipped.
Comestibles
 b - a bread ration
 c - a royal jelly


   Skills:
 + Level 3.2 Fighting
 + Level 2.0 Short Blades
 + Level 2.3 Dodging
 + Level 2.2 Invocations


You couldn't memorise any spells.
You didn't know any spells.

Dungeon Overview and Level Annotations

Branches:
Dungeon (0/15)

Altars:


Innate Abilities, Weirdness & Mutations

You cannot wear most types of armour.
You are very stealthy in the water. (Stealth+)
You are amphibious.
You can wear up to eight rings at the same time.
You can use your tentacles to constrict eight enemies at once.
Your skin changes colour to match your surroundings (Stealth+).
Your rubbery body absorbs attacks. (AC +1, EV +1)


Message History

The ufetubus completely misses you.
You slash the ufetubus!
You kill the ufetubus!
Found a corrupted altar of Lugonu.
e - a scroll labeled WIMAS IMINE
As you read the scroll labeled WIMAS IMINE, it crumbles to dust.
You feel blessed for a moment.
It was a scroll of remove curse.
Unknown command.
You start resting.
A large abomination comes into view.
A wretched star comes into view.
A small abomination comes into view.
A smoke demon comes into view.
A ynoxinul comes into view.
The smoke demon gestures at you. The sticky flame hits you!
You are covered in liquid flames!
You are covered in liquid flames!
You are covered in liquid flames!
You die...

≈ ≈ ≈ . ≈ ≈≈≈ ≈
≈ .#.#..#.##
#.#≈♣ ≈ # #..
..#3....#.≈ . ##
...#.#..# .#≈ ≈♣
.#.. ....#..
..≈≈ ≈ ≈≈ .
#.#x#... #∩# .#
.....###.# ≈
#..##@.# . ≈
#..3..#...≈≈≈≈ ≈
.
###...####..♣≈≈♣
≈≈ #...#..#
.#.≈≈≈ ≈≈#
#.#.#.#...# ≈.
#.....#.#.. ...#
≈ # #.#....# #
..#. . ≈
.#.#..## #. .
...#.##.


You could see a smoke demon.

Vanquished Creatures
  An ufetubus (Abyss:2)
1 creature vanquished.

Notes
Turn   | Place    | Note
-------+----------+-------------------------------------------
     0 | Abyss:1  | Manul the Octopode Abyssal Knight began the quest for the Orb.
     0 | Abyss:1  | Reached XP level 1. HP: 16/16 MP: 2/2
    41 | Abyss:2  | Got an iridescent glaive
    42 | Abyss:2  | Identified the +1 glaive of Valour {drain, *Drain MR+ Str+2} (You found it on level 2 of the Abyss)
    50 | Abyss:2  | Found a corrupted altar of Lugonu.
   138 | Abyss:2  | Noticed a large abomination
   139 | Abyss:2  | Noticed a wretched star
   141 | Abyss:2  | Noticed a small abomination
   142 | Abyss:2  | Noticed a smoke demon
   142 | Abyss:2  | Noticed a ynoxinul
   145 | Abyss:2  | Incinerated by a smoke demon

Action                   || total
-------------------------++-------
Melee: Glaive            ||     2
  Use: Scroll            ||     1
Dodge: Dodged            ||     2
